 Dungeon Crawl Stone Soup version 0.29.1-14-g9c671dbff4 (webtiles) character file.

Game seed: 1123741521950078849

10 booth the Digger (level 2, 0/17 HPs)
             Began as an Octopode Earth Elementalist on Feb 13, 2023.
             Slain by a gnoll
             ... wielding a +0 spear
              (7 damage)
             ... on level 1 of the Dungeon.
             The game lasted 00:03:45 (412 turns).

booth the Digger (Octopode Earth Elementalist)       Turns: 412, Time: 00:03:46

Health: 0/17       AC:  1    Str:  7    XL:     2   Next: 20%
Magic:  4/5        EV: 13    Int: 17    God:
Gold:   45         SH:  0    Dex: 12    Spells: 4/5 levels left

rFire   . . .      SeeInvis .   b - +0 dagger
rCold   . . .      Faith    .   (no shield)
rNeg    . . .      Spirit   .   (helmet restricted)
rPois   .          Reflect  .   (no amulet)
rElec   .          Harm     .   (no ring)
rCorr   .          Rampage  .   (no ring)
Will    .....                   (no ring)
Stlth   +++.......              (no ring)
HPRegen 0.05/turn               (no ring)
MPRegen 0.09/turn               (no ring)
                                (no ring)
                                (no ring)

@: no status effects
A: almost no armour, amphibious, 8 rings, camouflage 1, gelatinous body 1,
(nimble swimmer 1), tentacles
a: no special abilities


You were on level 1 of the Dungeon.
You visited 1 branch of the dungeon, and saw 1 of its levels.

You collected 45 gold pieces.

Inventory:

Hand Weapons
 b - a +0 dagger (weapon)
Scrolls
 c - a scroll of identify {unknown}
Potions
 a - a potion of magic


   Skills:
 + Level 0.2 Short Blades
 + Level 2.2 Dodging
 + Level 3.1 Stealth
 + Level 2.1 Spellcasting
 + Level 1.0 Transmutations
 + Level 3.1 Earth Magic


You had 4 spell levels left.
You knew the following spells:

 Your Spells              Type           Power      Damage    Failure   Level
a - Sandblast             Erth           24%        2d8       5%          1

Your spell library contained the following spells:

 Spells                   Type           Power      Damage    Failure   Level
 Passwall                 Tmut/Erth      6%         N/A       12%         2
 Stone Arrow              Conj/Erth      14%        3d7       30%         3
 Petrify                  Tmut/Erth      8%         N/A       63%         4


Dungeon Overview and Level Annotations

Branches:
Dungeon (1/15)

Altars:


Innate Abilities, Weirdness & Mutations

You cannot wear most types of armour.
You are amphibious.
You can wear up to eight rings at the same time.
Your skin changes colour to match your surroundings (Stealth+).
Your rubbery body absorbs attacks. (AC +1, EV +1)
((You are camouflaged when in or above water. (Stealth+)))
You have tentacles for arms and can constrict up to eight enemies at once.


Message History

The quokka is moderately wounded.
You constrict the quokka. The quokka bites you.
You hit the quokka but do no damage.
The quokka is heavily wounded.
You constrict the quokka, but do no damage.
The quokka barely misses you.
You hit the quokka.
The quokka is severely wounded.
You constrict the quokka.
You kill the quokka!
Things that are here:
a +0 dagger; a kobold corpse You start resting.
HP restored.
A gnoll comes into view. It is wielding a +0 spear.
Casting: Sandblast (safe; 5% risk of failure)
Confirm with . or Enter, or press ? or * to list all spells.
Aiming: Sandblast (safe; 5% risk of failure)
Press: ? - help, Shift-Dir - straight line, f - gnoll
Aim: a gnoll, wielding a +0 spear (asleep, 100% to hit)
The blast of sand hits the gnoll.
The gnoll is lightly wounded.
The gnoll shouts!
The gnoll hits you from afar with a +0 spear!
The gnoll barely misses you.
You hit the gnoll but do no damage. You grab the gnoll. You squeeze the gnoll.
The gnoll is moderately wounded.
You constrict the gnoll, but do no damage.
The gnoll hits you with a +0 spear.
You hit the gnoll.
The gnoll is heavily wounded.
You constrict the gnoll, but do no damage.
You hit the gnoll but do no damage.
The gnoll is heavily wounded.
You constrict the gnoll. The gnoll closely misses you.
You hit the gnoll.
The gnoll is severely wounded.
You constrict the gnoll, but do no damage.
The gnoll hits you with a +0 spear!
You die...

........
#.#
..gr...##
#.#
........
#.# #.#
#.# #.#
#.#
#.########
#.@g......
.
##########
.~.. ....
.... ...
.# ##.#
...#


You could see a gnoll.

Vanquished Creatures
  A ball python (D:1)
  2 endoplasms (D:1)
  A goblin (D:1)
  A hobgoblin (D:1)
  A kobold (D:1)
  A quokka (D:1)
  A rat (D:1)
8 creatures vanquished.

Notes
Turn   | Place    | Note
-------+----------+-------------------------------------------
     0 | D:1      | booth the Octopode Earth Elementalist began the quest for
                  | the Orb.
     0 | D:1      | Reached XP level 1. HP: 11/11 MP: 3/3
   302 | D:1      | Reached XP level 2. HP: 17/17 MP: 5/5
   412 | D:1      | Slain by a gnoll

Illustrated notes

Levels and vault maps discovered:
D:1:      elethiomel_arrival_quiet, layout_basic, grunt_decor_junction,
          interstate_on_off, skrybe_limestone_x

Skill      XL: |  1 |
---------------+----+-----
Stealth        | 3 |  3.1
Short Blades   | |  0.2
Dodging        | |  2.2
Spellcasting   | |  2.1
Transmutations | |  1.0
Earth Magic    | |  3.1

Action                   || total
-------------------------++-------
Melee: Dagger            ||    16
       Constrict         ||     6
       Tentacles         ||     4
 Cast: Sandblast         ||     3
 Stab: Sleeping          ||     1
Dodge: Dodged            ||     7
